Map: Deathaura LE

Players

rottenorange - Winner!

  • Race: Zerg Zerg
  • Spawn Location: 11:00

ГАЛСТАРКРАФ

  • Race: Zerg Zerg
  • Spawn Location: 5:00

VOD

Have the link to the VOD?

Description

Time

  • Played on: Oct. 1, 2020, 11:49 a.m.
  • Length: 7:05
Show
View Real Time Build Order
Export as new Build Order

rottenorange Zerg - Winner!

Build Orders: Pool First 

Get SALT Encoding   

  12  0:01  Drone  
  13  0:16  Drone  
  13  0:17  Overlord  
  14  0:37  Drone  
  14  0:38  Drone x2  
  17  0:50  Spawning Pool  
  17  0:52  Drone  
  17  1:01  Drone  
  18  1:11  Drone  
  19  1:26  Extractor  
  18  1:46  Drone  
  18  1:47  Drone  
  20  1:48  Zergling x2  
  20  2:19  Queen  
  20  2:20  Hatchery  
  21  2:23  Zergling x2  
  21  2:24  Overlord  
  21  2:27  Overlord  
  22  2:59  Queen  
  22  3:01  Zergling x4  
  22  3:02  Drone  
  27  3:37  Zergling x10  
  27  3:38  Drone  
  33  3:46  Queen  
  35  4:08  Drone x4  
  39  4:13  Zergling x4  
  39  4:14  Zergling x4  
  43  4:31  Hatchery  
  35  4:57  Zergling x2  
  35  4:58  Zergling x10  
  40  5:02  Drone  
  40  5:03  Drone x2  
  40  5:06  Overlord x2  
  43  5:25  Roach Warren  
  42  5:35  Lair  
  42  5:42  Drone x2  
  44  5:43  Drone x4  
  44  5:46  Drone x4  
  44  5:47  Drone x2  
  54  5:51  Drone  
  54  5:52  Queen  
  57  6:10  Drone  
  57  6:11  Drone  
  59  6:18  Spine Crawler  
  59  6:23  Extractor  
  57  6:28  Extractor x2, Drone x3  
  57  6:30  Overlord x3  
  57  6:31  Overlord  
  57  6:32  Drone  
Show
View Real Time Build Order
Export as new Build Order

ГАЛСТАРКРАФ Zerg 

Build Orders: Pool First 

Get SALT Encoding   

  12  0:01  Drone  
  13  0:13  Drone  
  14  0:17  Overlord  
  14  0:26  Overlord  
  14  0:41  Drone x2  
  16  0:49  Spawning Pool  
  15  0:56  Drone  
  16  1:09  Extractor  
  16  1:10  Drone  
  16  1:11  Drone  
  17  1:18  Drone  
  18  1:38  Zergling x2  
  19  1:41  Queen  
  19  1:44  Drone  
  22  1:51  Overlord  
  22  2:27  Zergling x6  
  25  2:33  Pneumatized Carapace  
  25  2:43  Extractor  
  24  2:45  Zergling x2  
  25  3:02  Zergling x8  
  30  3:41  Zergling x8  
  30  3:42  Zergling x4  
  34  4:20  Zergling x6  
  34  4:21  Zergling x2  
  27  4:59  Zergling x6  
  27  5:26  Roach Warren  
  26  5:36  Hatchery  
  25  5:44  Queen  
  27  6:20  Queen, Zergling x10  
  27  6:21  Roach x2  
  38  6:25  Overlord  
  38  6:26  Overlord  
Tags
 
Matchup
ZvZ
Race
Zerg
Replay Pack
replays
Spawn Locations
Cross Positions
Add a new tag
Caveats
  • Supply blocks, unpowered buildings, or Contaminate may cause inaccurate times.
  • Supply counts are checked every 10 seconds.